 Dungeon Crawl Stone Soup version 0.17-a0-1572-g7a1422d (webtiles) character file.

228 urechis the Covert (level 5, 25/25 HPs)
             Began as a Spriggan Artificer on July 24, 2015.
             Quit the game on level 3 of the Dungeon on July 25, 2015.
             The game lasted 00:13:37 (4276 turns).

urechis the Covert (Spriggan Artificer)             Turns: 4276, Time: 00:13:37

Health: 25/25      AC:  2    Str:  7    XL:     5   Next: 70%
Magic:  9/9        EV: 18    Int: 14    God:
Gold:   186        SH:  0    Dex: 17    Spells: 0 memorised, 4 levels left

rFire  . . .     SeeInvis +     b - +3 hunting sling
rCold  . . .     Clarity  .     i - +0 animal skin
rNeg   . . .     SustAt   .     (shield restricted)
rPois  .         Gourm    .     (helmet restricted)
rElec  .         Spirit   .     (no cloak)
rCorr  .         Warding  .     (gloves unavailable)
rMut   .         Stasis   .     (boots unavailable)
MR     .....                    (no amulet)
Stlth  +++++.....               (no ring)
                                (no ring)

@: very quick, not resistant to hostile enchantments, quite stealthy
A: unfitting armour, see invisible, herbivore 3, speed 3, slow metabolism 2
a: no special abilities


You were on level 3 of the Dungeon.
You were full.

You visited 1 branch of the dungeon, and saw 3 of its levels.

You collected 186 gold pieces.

Inventory:

Hand weapons
 a - a +0 dagger of flaming
 b - a +3 hunting sling (weapon)
 r - a +0 short sword
Missiles
 s - 40 stones (quivered)
Armour
 i - a +0 animal skin (worn)
Magical devices
 c - a wand of flame (1)
 d - a wand of enslavement (13)
 e - a wand of random effects (12)
Scrolls
 g - 3 scrolls of identify {unknown}
 j - 2 scrolls of amnesia {unknown}
 k - 5 scrolls of teleportation {unknown}
 n - a scroll of enchant armour {unknown}
 o - 2 scrolls of remove curse {unknown}
 q - a scroll of fog {unknown}
Potions
 h - 2 potions of degeneration {unknown}
 l - 2 potions of haste {unknown}
 m - 2 potions of curing
 p - a potion of poison {unknown}
 t - a potion of flight {unknown}
 u - a potion of lignification {unknown}
 v - a potion of heal wounds {unknown}
 w - a potion of invisibility {unknown}
Comestibles
 f - 2 bread rations


   Skills:
 - Level 0.7 Fighting
 - Level 1.1 Short Blades
 + Level 2.4 Slings
 - Level 3.0 Dodging
 + Level 8.3 Stealth
 - Level 4.0 Evocations


You had 4 spell levels left.
You didn't know any spells.

Dungeon Overview and Level Annotations

Branches:
Dungeon (3/15)

Altars:


Innate Abilities, Weirdness & Mutations

You are tiny and cannot use many weapons and most armour.
You have supernaturally acute eyesight.
You are a herbivore.
You cover ground extremely quickly.
You need consume almost no food.


Message History

You shoot a stone. The stone barely misses the hobgoblin.
Firing (i - inventory):
s - 38 stones (quivered)
Press: ? - help, Shift-Dir - straight line, f/p - hobgoblin
Aim: a hobgoblin You shoot a stone.
The stone hits the hobgoblin.
The hobgoblin is moderately wounded.
Firing (i - inventory):
s - 37 stones (quivered)
Press: ? - help, Shift-Dir - straight line, f/p - hobgoblin
Aim: a hobgoblin (moderately wounded)
You shoot a stone. The stone hits the hobgoblin!
You kill the hobgoblin!
No target in view!
s - 37 stones (gained 1)
You see here a hobgoblin corpse.
s - 38 stones (gained 1)
s - 40 stones (gained 2) Done exploring.
Done exploring.
Done exploring.
Are you sure you want to abandon this character and quit the game? (Confirm with "yes".)

...#####......###..........#
.................).....†...#
.....##..............<.....#
#................###.#######
##....###......#.....#
##....####.....####..#
#.>....####..#.# ####
#.##.#...#...#.###
#.##...#...###..@#####
#...........####.....#
.............# #####.#
.#...........# #.#
.#....##.....# #.#
.#....###....#######.######
.#....# ####..#...........##
.#.<..# ##......>.....[.##
##....# #......)........#


There were no monsters in sight!

Vanquished Creatures
  A hound (D:1)
  2 worker ants (D:3)
  Robin (D:1)
  2 adders (D:3)
  A gnoll (D:1)
  2 oozes
  3 worms (D:3)
  5 giant geckos
  2 orcs (D:3)
  A ball python (D:2)
  8 bats
  19 goblins
  19 hobgoblins
  9 jackals
  7 kobolds
  A giant cockroach (D:2)
  2 giant newts
  7 rats
92 creatures vanquished.

Notes
Turn   | Place    | Note
--------------------------------------------------------------
     0 | D:1      | urechis the Spriggan Artificer began the quest for the Orb.
     0 | D:1      | Reached XP level 1. HP: 9/9 MP: 4/4
   319 | D:1      | Reached XP level 2. HP: 14/14 MP: 6/6
   668 | D:1      | Reached XP level 3. HP: 17/17 MP: 7/7
   738 | D:1      | Reached skill level 5 in Stealth
  1664 | D:1      | Reached skill level 6 in Stealth
  1664 | D:1      | Reached XP level 4. HP: 2/21 MP: 8/8
  2550 | D:2      | Noticed Robin
  2831 | D:1      | Robin (ally) was killed
  2831 | D:1      | Your ally died
  2831 | D:1      | Reached skill level 7 in Stealth
  3556 | D:3      | Reached XP level 5. HP: 17/25 MP: 9/9
  3841 | D:3      | Reached skill level 1 in Slings
  3903 | D:3      | Reached skill level 8 in Stealth
  4276 | D:3      | Quit the game

Vault maps used:
D:1:      erik_arrival_gehennom
D:2:      uniq_robin

Action                   |  1- 3 |  4- 6 || total
-------------------------+-------+-------++-------
Melee: Short sword       |    90 |     6 ||    96
       Dagger            |    14 |   124 ||   138
 Fire: Hunting sling     |       |    84 ||    84
Evoke: Wand              |    12 |     7 ||    19
  Use: Potion            |       |     1 ||     1
 Stab: Sleeping          |     5 |     1 ||     6
       Distracted        |     2 |       ||     2
  Eat: Bread ration      |       |     1 ||     1
